 Dungeon Crawl Stone Soup version 0.17.1-3-g152610e (webtiles) character file.

735 Heskey the Skirmisher (level 7, -2/64 HPs)
             Began as a Hill Orc Fighter on Mar 22, 2016.
             Was a Follower of Beogh.
             Slain by an ice beast (8 damage)
             ... on level 6 of the Dungeon.
             The game lasted 00:09:39 (4333 turns).

Heskey the Skirmisher (Hill Orc Fighter)            Turns: 4333, Time: 00:09:40

Health: -2/64      AC:  9    Str: 21    XL:     7   Next: 74%
Magic:  7/7        EV:  7    Int:  8    God:    Beogh [*.....]
Gold:   244        SH: 11    Dex: 10    Spells: 0 memorised, 6 levels left

rFire  . . .     SeeInvis .     d - +3 war axe
rCold  . . .     Clarity  .     b - +0 scale mail
rNeg   . . .     SustAt   .     c - +1 shield
rPois  .         Gourm    .     a - +0 helmet
rElec  .         Spirit   .     (no cloak)
rCorr  .         Warding  .     (no gloves)
rMut   .         Stasis   .     (no boots)
MR     .....                    (no amulet)
Stlth  ..........               (no ring)
                                (no ring)

@: about to teleport, not resistant to hostile enchantments, extremely
unstealthy
A: no striking features
a: Renounce Religion


You were on level 6 of the Dungeon.
You worshipped Beogh.
Beogh was aware of your devotion.
You were not hungry.

You visited 1 branch of the dungeon, and saw 6 of its levels.

You collected 244 gold pieces.

Inventory:

Hand Weapons
 d - a +3 war axe (weapon)
Armour
 a - a +0 helmet (worn)
 b - a +0 scale mail (worn)
 c - a +1 shield (worn)
Scrolls
 f - a scroll of remove curse
 j - 5 scrolls of immolation
 l - 4 scrolls of identify
Potions
 r - a potion of resistance
Comestibles
 e - 6 bread rations
 g - a beef jerky
 h - 2 fruits
 q - a slice of pizza
 t - 4 meat rations


   Skills:
 * Level 6.8 Fighting
 * Level 6.8 Axes
 + Level 5.0 Armour
 + Level 4.7 Shields


You had 6 spell levels left.
You didn't know any spells.

Dungeon Overview and Level Annotations

Branches:
Dungeon (6/15)             Temple (0/1) D:5

Altars:
Ashenzari
Okawaru
Trog
Yredelemnul
Zin
The Shining One


Message History

You hit the ice beast but do no damage.
The ice beast is almost dead.
Your shield and scale mail prevent you from hitting the giant frog.
The giant frog is severely wounded.
Your surroundings seem slightly different.
The ice beast hits you.
* * * LOW HITPOINT WARNING * * *
The ice beast freezes you!
* * * LOW HITPOINT WARNING * * *
Unknown command.
Drink which item? (? for menu, Esc to quit)
Okay, then.
Read which item? (? for menu, Esc to quit)
As you read the scroll of teleportation, it crumbles to dust.
You feel strangely unstable. The giant frog hits you.
* * * LOW HITPOINT WARNING * * *
The ice beast hits you.
* * * LOW HITPOINT WARNING * * *
The ice beast freezes you!
You die...

...............
.................
...............$..#
..................# #
..................# #
..................## #
.................... #
.......@F)).......######
........Y...............
..........†.............
........<........>......
...........Y......######
..................#
..................#
..................#
................#


You could see an ice beast, a sky beast and a giant frog.

Vanquished Creatures
  2 ogres
  2 scorpions
  2 crimson imps (D:5)
  2 hounds
  An orc priest (D:4)
  3 orc wizards
  2 worker ants
  An iguana (D:5)
  A hound skeleton (D:5)
  7 adders
  An ooze (D:3)
  4 giant geckos
  9 orcs
  8 bats
  8 giant cockroaches
  11 hobgoblins
  9 jackals
  6 kobolds
  5 quokkas
  5 ball pythons
  2 giant gecko skeletons
  5 giant newts
  8 goblins
  3 rats (D:2)
107 creatures vanquished.

Vanquished Creatures (others)
  An orc wizard (D:3)
  An orc (D:3)
  A giant cockroach (D:3)
  A rat (D:3)
4 creatures vanquished.

Grand Total: 111 creatures vanquished

Notes
Turn   | Place    | Note
--------------------------------------------------------------
     0 | D:1      | Heskey the Hill Orc Fighter began the quest for the Orb.
     0 | D:1      | Reached XP level 1. HP: 19/19 MP: 1/1
    51 | D:1      | Reached XP level 2. HP: 17/27 MP: 2/2
    51 | D:1      | Reached skill level 4 in Fighting
   376 | D:2      | Reached XP level 3. HP: 33/33 MP: 3/3
   380 | D:2      | Found a basalt altar of Yredelemnul.
   497 | D:2      | Found a shattered altar of Ashenzari.
   686 | D:2      | Found a glowing golden altar of the Shining One.
   908 | D:3      | Reached XP level 4. HP: 41/41 MP: 4/4
  1171 | D:3      | Became a worshipper of Beogh the Brigand
  1269 | D:3      | Reached XP level 5. HP: 47/47 MP: 5/5
  1575 | D:4      | Reached skill level 5 in Fighting
  2060 | D:4      | Reached skill level 5 in Axes
  2060 | D:4      | Reached XP level 6. HP: 12/56 MP: 6/6
  2646 | D:4      | Noticed an ogre
  2656 | D:4      | Killed an ogre
  2656 | D:4      | Reached skill level 6 in Fighting
  2674 | D:4      | Found a glowing silver altar of Zin.
  2773 | D:4      | Reached XP level 7. HP: 56/63 MP: 7/7
  3007 | D:4      | Found a bloodstained altar of Trog.
  3178 | D:5      | Entered Level 5 of the Dungeon
  3186 | D:5      | Reached * piety under Beogh
  3490 | D:5      | Found a shattered altar of Ashenzari.
  3740 | D:5      | Found an iron altar of Okawaru.
  3805 | D:5      | Found a staircase to the Ecumenical Temple.
  4017 | D:6      | Reached skill level 5 in Armour
  4333 | D:6      | Slain by an ice beast

Action                   |  1- 3 |  4- 6 |  7- 9 || total
-------------------------+-------+-------+-------++-------
Melee: War axe           |    97 |   145 |    82 ||   324
  Use: Potion            |       |     6 |       ||     6
       Scroll            |       |     7 |     3 ||    10
  Eat: Chunk             |       |     3 |     4 ||     7
       Royal jelly       |       |     1 |       ||     1
       Fruit             |       |     1 |       ||     1
       Bread ration      |       |       |     1 ||     1
